 Dungeon Crawl Stone Soup version 0.29.0-4-gdea44cf6ec (webtiles) character file.

Game seed: 7679331381298298807

483 qw the Chopper (level 7, -2/43 HPs)
             Began as a Gargoyle Fighter on Sept 9, 2022.
             Slain by Dowan
             ... wielding a +0 dagger
              (3 damage)
             ... on level 4 of the Dungeon.
             The game lasted 00:01:46 (4322 turns).

qw the Chopper (Gargoyle Fighter)                   Turns: 4322, Time: 00:01:47

Health: -2/43      AC: 16    Str: 22    XL:     7   Next: 12%
Magic:  7/7        EV:  8    Int:  8    God:
Gold:   205        SH:  4    Dex:  9    Spells: 6/6 levels left

rFire   . . .      SeeInvis .   Y - +1 war axe
rCold   . . .      Faith    .   c - +0 buckler
rNeg    + . .      Spirit   .   j - +0 chain mail
rPois   inf        Reflect  .   f - +1 helmet
rElec   +          Harm     .   (no cloak)
rCorr   .          Rampage  .   (no gloves)
Will    .....                   (no boots)
Stlth   ..........              (no amulet)
HPRegen 0.14/turn               (no ring)
MPRegen 0.10/turn               (no ring)

@: no status effects
A: sickness immunity, AC +4, negative energy resistance 1, electricity
resistance, torment resistance 1, petrification resistance
a: no special abilities


You were on level 4 of the Dungeon.
You visited 1 branch of the dungeon, and saw 4 of its levels.

You collected 205 gold pieces.


Innate Abilities, Weirdness & Mutations

You are immune to sickness and miasma.
Your stone body is resilient. (AC +4)
You are immune to poison.
You resist negative energy. (rN+)
You are resistant to electric shocks. (rElec)
You are resistant to unholy torment.
You are immune to petrification.


   Skills:
 - Level 4.0 Fighting
 + Level 6.1 Axes
 - Level 3.2 Armour
 - Level 1.9 Dodging
 - Level 3.2 Shields


You had 6 spell levels left.
You didn't know any spells.
Your spell library was empty.

Inventory:

Hand Weapons
 b - a +2 mace of holy wrath
 Y - a +1 war axe (weapon)
Armour
 c - a +0 buckler (worn)
 f - a +1 helmet (worn)
 j - a +0 chain mail (worn)
Scrolls
 g - 2 scrolls of identify
Potions
 a - a potion of attraction {unknown}
 d - 2 potions of might
 h - a potion of degeneration {unknown}
 i - a potion of flight {unknown}

Dungeon Overview and Level Annotations

Branches:
Dungeon (4/15)
 Temple: D:4-7

Altars:
Ashenzari
Kikubaaqudgha
Uskayaw
Xom

Annotations:
D:4 Dowan


Message History

Dowan zaps a wand.
The puff of flame hits you but does no damage.
You hit Dowan.
Dowan is almost dead.
Dowan points at you and mumbles some strange words.
The shard of ice hits you. Dowan barely misses you.
You closely miss Dowan.
Dowan is almost dead.
Dowan gestures wildly while chanting.
Dowan blinks!
Dowan casts a spell.
Dowan blinks!
You start resting.
Dowan is nearby!
4313 ||| Stepping ~*~*~tactically~*~*~ (hiding).
You start resting.
Dowan is nearby!
Dowan zaps a wand.
The puff of flame hits you.
Things that are here:
a +2 short sword of protection; a +0 leather armour; the elf corpse of Duvessa You barely miss Dowan.
Dowan is almost dead.
Dowan points at you and mumbles some strange words.
You block the stone arrow. Dowan hits you but does no damage.
You hit Dowan.
Dowan is almost dead.
Dowan zaps a wand.
The puff of flame hits you but does no damage.
Dowan mumbles some strange words.
Dowan blinks!
Dowan casts a spell at you. The shard of ice hits you.
You barely miss Dowan.
Dowan is almost dead.
Dowan mumbles some strange words.
Dowan blinks!
Dowan zaps a wand.
The puff of flame hits you!
You closely miss Dowan.
Dowan is almost dead.
Dowan hits you with a +0 dagger.
You die...

####...####
#...# #...#
##.## #.#
#.# #.#
.#######)#
#......@e#
##..######


You could see Dowan (fast).

Vanquished Creatures
  Duvessa (D:4)
  An ogre (D:4)
  A scorpion (D:4)
  An iguana (D:4)
  An orc wizard (D:3)
  Terence (D:3)
  3 gnolls (D:4)
  6 adders
  2 worms (D:2)
  A dart slug (D:4)
  5 orcs
  4 ball pythons
  5 endoplasms
  A giant cockroach (D:2)
  10 goblins
  7 hobgoblins
  9 jackals
  8 quokkas
  A bat (D:3)
  3 frilled lizards
  5 kobolds
  7 rats
83 creatures vanquished.

Notes
Turn   | Place    | Note
-------+----------+-------------------------------------------
     0 | D:1      | qw the Gargoyle Fighter began the quest for the Orb.
     0 | D:1      | Reached XP level 1. HP: 14/14 MP: 1/1
     0 | D:1      | 0 ||| qw: Version: 0.1-a-113-g051387a
     0 | D:1      | 0 ||| qw: Game counter: 7136
     0 | D:1      | 0 ||| qw: Always use a shield: true
     0 | D:1      | 0 ||| qw: God list: Okawaru
     0 | D:1      | 0 ||| qw: Allow faded altars: false
     0 | D:1      | 0 ||| qw: Do Orc after D:15 true
     0 | D:1      | 0 ||| qw: Do second Lair branch before Depths: true
     0 | D:1      | 0 ||| qw: Lair rune preference: random
     0 | D:1      | 0 ||| qw: Plans: Normal, Zot, God:TSO, Crypt, Tomb, Zig,
                  | Orb
     0 | D:1      | 0 ||| PLANNING D:1-11
    77 | D:1      | Reached skill level 2 in Axes
   393 | D:1      | 393 ||| Stepping ~*~*~tactically~*~*~ (stealth).
   404 | D:1      | Reached XP level 2. HP: 17/19 MP: 2/2
   515 | D:1      | 515 ||| Stepping ~*~*~tactically~*~*~ (stealth).
   633 | D:1      | Found a faded altar of an unknown god.
   671 | D:1      | 671 ||| DROPPING +0 club.
   814 | D:1      | Reached skill level 3 in Axes
  1005 | D:1      | Reached XP level 3. HP: 23/23 MP: 3/3
  1099 | D:1      | 1099 ||| DROPPING orb of mayhem.
  1100 | D:1      | 1100 ||| READING scroll labelled HOAWNEO BAFIDICH.
  1101 | D:1      | 1101 ||| READING 3 scrolls labelled KEUXUPEIHU.
  1102 | D:1      | 1102 ||| READING scroll labelled WIVIFE JYDINUTS.
  1103 | D:1      | 1103 ||| READING scroll labelled QATUNO DYDIFE.
  1104 | D:1      | 1104 ||| READING scroll labelled EBUNUA WOSESAS.
  1105 | D:1      | 1105 ||| READING scroll labelled ATOOSY HAMESAO.
  1106 | D:1      | 1106 ||| READING 2 scrolls of identify.
  1106 | D:1      | 1106 ||| IDENTIFYING fizzy black potion
  1107 | D:1      | 1107 ||| DROPPING potion of brilliance.
  1162 | D:2      | 1162 ||| STAIRDANCE
  1171 | D:2      | 1171 ||| STAIRDANCE
  1589 | D:2      | Reached XP level 4. HP: 28/28 MP: 4/4
  1746 | D:2      | Reached skill level 4 in Axes
  2128 | D:2      | 2128 ||| UPGRADING to +1 helmet.
  2133 | D:2      | 2133 ||| READING scroll labelled WEYMYEK TEACK.
  2134 | D:2      | 2134 ||| READING scroll labelled LIUNOX JESAODA.
  2139 | D:2      | 2139 ||| READING 2 scrolls of identify.
  2139 | D:2      | 2139 ||| IDENTIFYING clear potion
  2140 | D:2      | 2140 ||| DROPPING potion of berserk rage.
  2169 | D:3      | 2169 ||| STAIRDANCE
  2400 | D:3      | 2400 ||| Stepping ~*~*~tactically~*~*~ (stealth).
  2421 | D:3      | 2421 ||| Stepping ~*~*~tactically~*~*~ (stealth).
  2480 | D:3      | 2480 ||| Stepping ~*~*~tactically~*~*~ (hiding).
  2495 | D:3      | Reached XP level 5. HP: 13/32 MP: 5/5
  2501 | D:3      | 2501 ||| FLEEEEING.
  2502 | D:3      | 2502 ||| FLEEEEING.
  2503 | D:3      | 2503 ||| FLEEEEING.
  2504 | D:3      | 2504 ||| FLEEEEING.
  2505 | D:3      | 2505 ||| FLEEEEING.
  2506 | D:3      | 2506 ||| FLEEEEING.
  2507 | D:3      | 2507 ||| FLEEEEING.
  2509 | D:3      | 2509 ||| FLEEEEING.
  2510 | D:3      | 2510 ||| FLEEEEING.
  2511 | D:3      | 2511 ||| STAIRDANCE
  2799 | D:3      | Found a basalt altar of Yredelemnul.
  2801 | D:3      | Found a hide-covered altar of Uskayaw.
  2801 | D:3      | Found a shimmering altar of Xom.
  2809 | D:3      | Found a shimmering altar of Xom.
  2809 | D:3      | Found an ancient bone altar of Kikubaaqudgha.
  2809 | D:3      | Found a broken altar of Ashenzari.
  3099 | D:3      | Noticed Terence
  3107 | D:3      | Killed Terence
  3108 | D:3      | Reached skill level 5 in Axes
  3289 | D:3      | 3289 ||| UPGRADING to +0 chain mail.
  3299 | D:3      | 3299 ||| DROPPING +0 scale mail.
  3453 | D:4      | 3453 ||| Stepping ~*~*~tactically~*~*~ (hiding).
  3454 | D:4      | 3454 ||| Stepping ~*~*~tactically~*~*~ (stealth).
  3488 | D:4      | 3488 ||| Stepping ~*~*~tactically~*~*~ (stealth).
  3489 | D:4      | 3489 ||| Stepping ~*~*~tactically~*~*~ (stealth).
  3500 | D:4      | 3500 ||| FLEEEEING.
  3501 | D:4      | 3501 ||| FLEEEEING.
  3502 | D:4      | 3502 ||| FLEEEEING.
  3503 | D:4      | 3503 ||| STAIRDANCE
  3656 | D:4      | 3656 ||| Stepping ~*~*~tactically~*~*~ (stealth).
  3673 | D:4      | Reached XP level 6. HP: 26/38 MP: 6/6
  3804 | D:4      | 3804 ||| Stepping ~*~*~tactically~*~*~ (stealth).
  3883 | D:4      | 3883 ||| Stepping ~*~*~tactically~*~*~ (stealth).
  3884 | D:4      | 3884 ||| Stepping ~*~*~tactically~*~*~ (stealth).
  3914 | D:4      | HP: 3/38 [ogre/+0 giant spiked club (18)]
  3915 | D:4      | 3915 ||| READING 2 scrolls of teleportation.
  3917 | D:4      | Reached skill level 6 in Axes
  3942 | D:4      | 3942 ||| Stepping ~*~*~tactically~*~*~ (stealth).
  3944 | D:4      | 3944 ||| READING scroll of teleportation.
  4271 | D:4      | 4271 ||| DROPPING +0 mace.
  4288 | D:4      | Noticed Duvessa
  4289 | D:4      | Noticed Dowan
  4290 | D:4      | 4290 ||| Stepping ~*~*~tactically~*~*~ (hiding).
  4299 | D:4      | Killed Duvessa
  4300 | D:4      | Reached skill level 1 in Dodging
  4300 | D:4      | Reached XP level 7. HP: 36/43 MP: 7/7
  4313 | D:4      | 4313 ||| Stepping ~*~*~tactically~*~*~ (hiding).
  4320 | D:4      | HP: 10/43 [Dowan/shard of ice (6)]
  4321 | D:4      | HP: 1/43 [Dowan/puff of flame (9)]
  4322 | D:4      | Slain by Dowan

Levels and vault maps discovered:
D:1:      dpeg_arrival_prison, layout_basic,
          shapermc_ecumenical_altar_notcrosses, minmay_misc_feat_pillars,
          hangedman_feature_mirror, minmay_tetromino_t2
D:2:      layout_loops_cross, corexii_hall_statues_t, minivault_24,
          grunt_decor_fettered, hangedman_feature_mirror,
          grunt_decor_mini_mirrors
D:3:      layout_loops_ring, doesnt_xom_only_xom, minmay_door_square,
          kennysheep_nub, uniq_terence
D:4:      layout_loops_ring, uniq_duvessa

Skill      XL: |  1  2  3  4  5  6 |
---------------+-------------------+-----
Axes           | 2 3 4 5 6 |  6.1
Fighting       | 4 |  4.0
Dodging        | 1 |  1.9
Armour         | |  3.2
Shields        | |  3.2

Action                   |  1- 3 |  4- 6 |  7- 9 || total
-------------------------+-------+-------+-------++-------
Melee: War axe           |   117 |   180 |    11 ||   308
  Use: Scroll            |     7 |     5 |       ||    12
Armor: Scale mail        |    63 |    52 |       ||   115
       Chain mail        |       |    39 |     5 ||    44
Dodge: Dodged            |    61 |    63 |     3 ||   127
Block: Buckler           |    24 |    25 |     2 ||    51

Table legend:
 A = Non-vault XP
 B = Vault XP
 C = Vault XP percentage of total XP
 D = Non-vault monster count
 E = Vault monster count
 F = Vault count percentage of total count
                 A         B        C        D         E       F
            +---------+---------+-------+---------+---------+-------
      Total |     499 |     192 |  27.8 |      73 |      10 |  12.0
            +---------+---------+-------+---------+---------+-------
        D:1 |      31 |       9 |  22.5 |      17 |       6 |  26.1
        D:2 |      81 |      16 |  16.5 |      23 |       2 |   8.0
        D:3 |      75 |      32 |  29.9 |      16 |       1 |   5.9
        D:4 |     312 |     135 |  30.2 |      17 |       1 |   5.6
            +---------+---------+-------+---------+---------+-------
